 Seeded DCSS version 0.30.1-9-gdf580d7c3d (webtiles) character file.

Game seed: 920673320228942481 (custom seed)

19 Psyclone the Conjurer (level 2, 17/17 HPs)
             Began as an Octopode Conjurer on Oct 10, 2023.
             Quit the game on level 3 of the Dungeon.
             The game lasted 00:00:33 (721 turns).

Psyclone the Conjurer (Octopode Conjurer)            Turns: 721, Time: 00:00:33

Health: 17/17      AC:  2    Str:  6    XL:     2   Next: 75%
Magic:  3/5        EV: 13    Int: 20    God:
Gold:   3966       SH:  0    Dex: 10    Spells: 2/5 levels left

rFire   . . .        (no weapon)
rCold   . . .        (no shield)
rNeg    . . .        (helmet restricted)
rPois   .            (no amulet)
rElec   .            c - ring of wizardry
rCorr   .            (no ring)
SInv    .            (no ring)
Will    +....        (no ring)
Stlth   +++          (no ring)
HPRegen 0.22/turn    (no ring)
MPRegen 0.09/turn    (no ring)
                     (no ring)

%: wizardry (x1)
@: no status effects
A: almost no armour, amphibious, 8 rings, camouflage 1, gelatinous body 1,
(nimble swimmer 1), tentacles, strong-willed 1, shaggy fur 1, evolution 1,
MP-powered wands
a: no special abilities


You were on level 3 of the Dungeon.
You visited 1 branch of the dungeon, and saw 3 of its levels.

You collected 4007 gold pieces.
You spent 41 gold pieces at shops.

Inventory:

Jewellery
 c - a ring of wizardry (left tentacle)
Scrolls
 e - a scroll of amnesia {unknown}
 g - a scroll of fear {unknown}
 h - a scroll of identify {unknown}
Potions
 a - a potion of magic
 d - a potion of lignification {unknown}
 f - a potion of degeneration {unknown}


   Skills:
 - Level 2.0 Dodging
 - Level 2.6 Stealth
 - Level 2.0 Spellcasting
 + Level 4.7 Conjurations


You had 2 spell levels left.
You knew the following spells:

 Your Spells              Type           Power      Damage    Failure   Level
a - Magic Dart            Conj           84%        1d7       1%          1
b - Searing Ray           Conj           42%        2d6       1%          2

Your spell library contained the following spells:

 Spells                   Type           Power      Damage    Failure   Level
 Foxfire                  Conj/Fire      44%        2x1d6     2%          1
 Dazzling Flash           Conj/Hex       22%        N/A       8%          3
 Fulminant Prism          Conj/Hex       5%         3d6       24%         4
 Iskenderun's Mystic Bla  Conj/Tloc      11%        2d4       24%         4
 Fireball                 Conj/Fire      5%         3d5       52%         5
 Starburst                Conj/Fire      5%         6d4       97%         6
 Plasma Beam              Fire/Air       1%         2x1d12    100%        6


Dungeon Overview and Level Annotations

Branches:
Dungeon (3/15) Zot: 17279

Altars:

Shops:
D:3 *


Innate Abilities, Weirdness & Mutations

You cannot wear most types of armour.
You are amphibious.
You can wear up to eight rings at the same time.
Your skin changes colour to match your surroundings (Stealth+).
Your rubbery body absorbs attacks. (AC +1, EV +1)
((You are camouflaged when in or above water. (Stealth+)))
You have tentacles for arms and can constrict up to eight enemies at once.
You are strong-willed. (Will+)
You are covered in fur. (AC +1)
You have hidden genetic potential.
You expend magic power (3 MP) to strengthen your wands.


Message History

Casting: Magic Dart (safe; 1% risk of failure)
Confirm with . or Enter, or press ? or * to list all spells.
Aiming: Magic Dart (safe; 1% risk of failure)
Press: ? - help, Shift-Dir - straight line, f - ball python
Aim: a ball python (asleep, 100% to hit)
The magic dart hits the ball python.
The ball python is moderately wounded.
The ball python hisses angrily.
You now have 3/5 mp.
Casting: Magic Dart (safe; 1% risk of failure)
Confirm with . or Enter, or press ? or * to list all spells.
Aiming: Magic Dart (safe; 1% risk of failure)
Press: ? - help, Shift-Dir - straight line, f/p - ball python
Aim: a ball python (moderately wounded, 100% to hit)
The magic dart hits the ball python!
You kill the ball python!
You now have 2/5 mp.
There is an entrance to Xyxiz's Assorted Antiques here.
b - 3 fizzy ruby potions (gained 2) Thank you for shopping at Xyxiz's Assorted Antiques!
h - a scroll labelled VAEGOSK GOCEAL It was a potion of mutation.
You feel extremely strange.
Large bone plates grow over parts of your tentacles.
You feel yourself wasting away.
You feel your magical essence link to the dungeon's wands.
You feel resistant to poisons.
Really quaff the potion of mutation?
You feel extremely strange.
Your magical essence no longer links to wands of the dungeon.
You feel healthier.
You feel less resistant to poisons.
You feel a little pissed off.
Really quaff the potion of mutation?
You feel extremely strange.
Your large bone plates disappear.
You feel a little more calm.
You feel strong-willed.
You feel a hidden potential growing inside you.
Fur sprouts all over your body.
You feel your magical essence link to the dungeon's wands.
Unknown command.
Are you sure you want to abandon this character and quit the game? (Confirm with "yes".)

......# ......#
.###### .#
################# .#
#....[.#........#
.###......'....∩...#
...#......#........#
##.####...#........#
......†##.#.†...@..#
.......##.#........#
.......##.#........#
######....#........#
#.########..... ...
####### ...# ...#


There were no monsters in sight!

Vanquished Creatures
  A worm (D:3)
  2 dart slugs
  An endoplasm (D:3)
  5 ball pythons
  A bat (D:3)
  2 kobolds (D:3)
  3 rats
15 creatures vanquished.

Notes
Turn   | Place    | Note
-------+----------+-------------------------------------------
     0 | D:1      | Psyclone the Octopode Conjurer began the quest for the Orb.
     0 | D:1      | Reached XP level 1. HP: 11/11 MP: 3/3
   285 | D:1      | Identified 3 scrolls of acquirement
   285 | D:1      | Acquired 1312 gold pieces
   293 | D:1      | Acquired 1281 gold pieces
   308 | D:1      | Acquired 1321 gold pieces
   336 | D:2      | Reached XP level 2. HP: 17/17 MP: 0/5
   537 | D:3      | Learned a level 2 spell: Searing Ray
   698 | D:3      | Found Xyxiz's Assorted Antiques.
   709 | D:3      | Bought 2 fizzy ruby potions for 41 gold pieces
   718 | D:3      | Gained mutation: You are partially covered in large bone
                  | plates. (SH +4) [potion of mutation]
   718 | D:3      | Gained mutation: Your body sometimes deteriorates upon
                  | taking damage. [potion of mutation]
   718 | D:3      | Gained mutation: You expend magic power (3 MP) to
                  | strengthen your wands. [potion of mutation]
   718 | D:3      | Gained mutation: Your system is resistant to poisons.
                  | (rPois) [potion of mutation]
   719 | D:3      | Lost mutation: You expend magic power (3 MP) to strengthen
                  | your wands. [potion of mutation]
   719 | D:3      | Lost mutation: Your body sometimes deteriorates upon taking
                  | damage. [potion of mutation]
   719 | D:3      | Lost mutation: Your system is resistant to poisons. (rPois)
                  | [potion of mutation]
   719 | D:3      | Gained mutation: You sometimes lose your temper in combat.
                  | [potion of mutation]
   720 | D:3      | Lost mutation: You are partially covered in large bone
                  | plates. (SH +4) [potion of mutation]
   720 | D:3      | Lost mutation: You sometimes lose your temper in combat.
                  | [potion of mutation]
   720 | D:3      | Gained mutation: You are strong-willed. (Will+) [potion of
                  | mutation]
   720 | D:3      | Gained mutation: You have hidden genetic potential. [potion
                  | of mutation]
   720 | D:3      | Gained mutation: You are covered in fur. (AC +1) [potion of
                  | mutation]
   720 | D:3      | Gained mutation: You expend magic power (3 MP) to
                  | strengthen your wands. [potion of mutation]
   721 | D:3      | Quit the game

Illustrated notes

Levels and vault maps discovered:
D:1:      dpeg_arrival_orchard, layout_basic
D:2:      layout_loops_corners, uniq_natasha, uniq_crazy_yiuf_cottage
D:3:      layout_basic, serial_shops, nicolae_shop_stone, shop

Action                     || total
---------------------------++-------
   Cast: Magic Dart        ||    23
         Searing Ray       ||     1
    Use: Scroll            ||     3
         Potion            ||     3
